 Dungeon Crawl Stone Soup version 0.28-a0-1184-g53156a8862 (webtiles) character file.

Game seed: 13830840339789785966

1972 ytrimaz the Insei (level 9, 0/59 HPs)
             Began as an Octopode Transmuter on Dec 17, 2021.
             Was an Initiate of Ashenzari.
             Slain by an ogre (21 damage)
             ... on level 6 of the Dungeon.
             The game lasted 00:08:02 (8202 turns).

ytrimaz the Insei (Octopode Transmuter)             Turns: 8202, Time: 00:08:03

Health: 0/59       AC:  2    Str:  9    XL:     9   Next: 20%
Magic:  15/16      EV: 20    Int: 19    God:    Ashenzari [......]
Gold:   287        SH:  0    Dex: 18    Spells: 12/18 levels left

rFire   . . .      SeeInvis .     - Unarmed
rCold   . . .      Faith    .   (shield currently unavailable)
rNeg    . . .      Spirit   .   (helmet currently unavailable)
rPois   x          Reflect  .   (no amulet)
rElec   .          Harm     .   (no ring)
rCorr   .          Rampage  .   (no ring)
Will    .....                   (no ring)
Stlth   ++........              (no ring)
HPRegen 0.19/turn               (no ring)
MPRegen 0.15/turn               (no ring)
                                (no ring)
                                (no ring)

@: spider-form (expiring), wereblooded
A: venomous fangs, almost no armour, (amphibious), 8 rings, tiny, (camouflage
1), (gelatinous body 1), (nimble swimmer 1), (tentacles)
a: End Transformation, Renounce Religion


You were on level 6 of the Dungeon.
You worshipped Ashenzari.
Ashenzari was noncommittal.
You were a venomous arachnid creature.
You visited 2 branches of the dungeon, and saw 7 of its levels.

You collected 287 gold pieces.

Inventory:

Wands
 d - a wand of flame (17)
Scrolls
 a - 2 scrolls of blinking
 e - 2 scrolls of teleportation
Potions
 b - 5 potions of curing
 c - a potion of magic
 f - a potion of attraction {unknown}
 g - 2 potions of brilliance


   Skills:
 * Level 4.5 Fighting
 * Level 2.4 Dodging
 + Level 6.9 Unarmed Combat
 + Level 5.3 Spellcasting
 * Level 6.0 Transmutations
 - Level 4.0 Poison Magic


You had 12 spell levels left.
You knew the following spells:

 Your Spells              Type           Power      Damage    Failure   Level
a - Beastly Appendage     Tmut           56%        N/A       5%          1
b - Wereblood             Tmut           28%        N/A       7%          2
c - Spider Form           Tmut/Pois      24%        N/A       14%         3

Your spell library contained the following spells:

 Spells                   Type           Power      Damage    Failure   Level
 Ice Form                 Ice/Tmut       16%        N/A       56%         4


Dungeon Overview and Level Annotations

Branches:
Dungeon (6/15)             Temple (1/1) D:6

Altars:
Ashenzari
Cheibriados
Dithmenos
Elyvilon
Fedhas
Gozag
Hepliaklqana
Kikubaaqudgha
Makhleb
Nemelex Xobeh
Okawaru
Ru
Sif Muna
Trog
Uskayaw
Wu Jian
Xom
Yredelemnul
The Shining One

Shops:
D:2 (   D:4 *=


Innate Abilities, Weirdness & Mutations

You are a venomous arachnid creature.
You have poisonous fangs.
You are tiny and dextrous.
Your spellcasting is less reliable in this form.
Your armour is entirely melded.
You are incapable of wielding weapons or throwing items.
You cannot wear most types of armour.
((You are amphibious.))
You can wear up to eight rings at the same time.
((Your skin changes colour to match your surroundings (Stealth+).))
((Your rubbery body absorbs attacks. (AC +1, EV +1)))
((You are camouflaged near water. (Stealth+)))
((You have tentacles for arms and can constrict up to eight enemies at once.))


Message History

The orc warrior completely misses you.
You hit the orc warrior.
The orc warrior is moderately wounded.
The orc warrior misses you.
Unknown command.
You hit the orc warrior but do no damage.
The orc warrior is poisoned.
The orc warrior is moderately wounded.
The orc warrior misses you.
You hit the orc warrior but do no damage.
The orc warrior is moderately wounded.
The orc warrior hits you with a +2 flail of holy wrath!
Unknown command.
You hit the orc warrior but do no damage.
The orc warrior is moderately wounded.
Unknown command.
The orc warrior hits you with a +2 flail of holy wrath.
You hit the orc warrior.
The orc warrior is heavily wounded.
Unknown command.
You hit the orc warrior but do no damage.
The orc warrior is heavily wounded.
The orc warrior closely misses you.
Unknown command.
You barely miss the orc warrior.
The orc warrior is severely wounded.
The orc warrior hits you with a +2 flail of holy wrath!!
* * * LOW HITPOINT WARNING * * *
Unknown command.
Unknown command.
The orc warrior looks more healthy.
You hit the orc warrior.
You feel a bit better.
You kill the orc warrior!
Unknown command.
You hiss as the wereblood boils in your veins!
The sky beast flickers out of sight!
Deactivating autopickup; reactivate with Ctrl-A.
Your transformation is almost over.
The ogre hits you with a +0 giant club!!
You die...

#..#...### #.
##.####...#####.
#..#..###...'.##
##.##....##.##...
#..#.....#[.#..#.
##.##....##.##.###
#.[.###..†..#..#..
#'#...####.##.##..
#s###...#..#..#...
##O(.###...##.##...
#..#...###.#...#)#.
##.####...#####)).##
#.)# #'#...#.###...
##.## o..##.##...###.
#..#.O...#..#..#...##
#.##.##...Y##Y##.####...
#.....###..#O.#..+ ###.


You could see an ogre.

Vanquished Creatures
  Grinder (D:4)
  A steam dragon (D:6)
  Edmund (D:4)
  3 necrophages
  An orc warrior (D:6)
  2 ogres
  A centaur (D:6)
  An ice beast (D:5)
  A scorpion (D:6)
  A water moccasin zombie (D:5)
  A howler monkey (D:6)
  A bullfrog zombie (D:5)
  5 hounds
  A jelly (D:5)
  An orc priest (D:6)
  A centaur skeleton (D:4)
  2 bullfrog skeletons (D:5)
  3 iguanas
  Natasha (thrice) (D:2)
  2 orc wizards
  A killer bee zombie (D:6)
  A hound skeleton (D:5)
  4 adders
  A shadow imp (D:6)
  A white imp (D:5)
  4 worms
  A dart slug (D:5)
  8 orcs
  7 endoplasms
  4 giant cockroaches
  7 goblins (D:3)
  8 hobgoblins
  9 jackals (D:1)
  2 quokkas
  A ball python (D:3)
  10 bats
  2 frilled lizards (D:1)
  9 kobolds
  6 rats
119 creatures vanquished.

Notes
Turn   | Place    | Note
-------+----------+-------------------------------------------
     0 | D:1      | ytrimaz the Octopode Transmuter began the quest for the
                  | Orb.
     0 | D:1      | Reached XP level 1. HP: 13/13 MP: 3/3
    71 | D:1      | Reached XP level 2. HP: 16/18 MP: 5/5
   102 | D:1      | Learned a level 2 spell: Wereblood
   479 | D:1      | Reached XP level 3. HP: 20/23 MP: 6/6
   483 | D:1      | Learned a level 3 spell: Spider Form
  1201 | D:2      | Noticed Natasha
  1213 | D:2      | Killed Natasha
  1214 | D:2      | Reached XP level 4. HP: 28/28 MP: 4/8
  1257 | D:2      | Noticed Natasha
  1276 | D:2      | Killed Natasha
  1475 | D:2      | Found Maoc's Antique Weapon Shop.
  1580 | D:2      | Noticed Natasha
  1592 | D:2      | Killed Natasha
  1593 | D:2      | Reached XP level 5. HP: 27/34 MP: 5/9
  2229 | D:2      | Found a faded altar of an unknown god.
  2541 | D:3      | Noticed a necrophage
  2558 | D:3      | Killed a necrophage
  2559 | D:3      | Reached XP level 6. HP: 20/39 MP: 8/11
  2706 | D:3      | Found an opulent altar of Gozag.
  3882 | D:4      | Found Fuer's Jewellery Shop.
  3923 | D:4      | Identified the +6 mace of Tartarus {antimagic, rC++ Int-4}
  3967 | D:4      | Reached skill level 1 in Poison Magic
  4128 | D:4      | Found Qikomm's Assorted Antiques.
  4131 | D:4      | Noticed Edmund
  4195 | D:4      | Killed Edmund
  4196 | D:4      | Reached XP level 7. HP: 26/45 MP: 12/12
  5427 | D:4      | Noticed Grinder
  5436 | D:4      | Paralysed by Grinder for 6 turns
  5448 | D:4      | Killed Grinder
  5449 | D:4      | Reached skill level 5 in Unarmed Combat
  5580 | D:5      | Entered Level 5 of the Dungeon
  5672 | D:5      | Reached XP level 8. HP: 32/52 MP: 8/14
  5841 | D:5      | Reached skill level 5 in Transmutations
  6334 | D:5      | Identified the +5 whip of Success {vorpal, *Corrode rElec
                  | Str+5 Stlth+}
  6542 | D:5      | Found a sparkling altar of Nemelex Xobeh.
  6622 | D:5      | Found a white marble altar of Elyvilon.
  6780 | D:6      | Found a snail-covered altar of Cheibriados.
  6804 | D:6      | Found a blossoming altar of Fedhas.
  6813 | D:6      | Reached skill level 5 in Spellcasting
  6864 | D:6      | Found a staircase to the Ecumenical Temple.
  6964 | Temple   | Entered the Ecumenical Temple
  7203 | Temple   | Became a worshipper of Ashenzari the Shackled
  7437 | D:6      | Reached XP level 9. HP: 55/58 MP: 12/16
  8202 | D:6      | Slain by an ogre

Illustrated notes

Levels and vault maps discovered:
D:1:      grunt_arrival_crossed_arrows, layout_rooms, minmay_misc_feat_rows
D:2:      layout_loops_cross, ebering_ecumenical_altar_hall, serial_shops, shop,
          uniq_natasha
D:3:      layout_basic, mainiacjoe_overflow_alcove_1, minmay_goblin_outpost
D:4:      layout_gridville, serial_shops, nicolae_stop_n_shop_1,
          nicolae_take_the_stairs, uniq_grinder, uniq_edmund
D:5:      layout_rooms, lemuel_coloured_pillars_altar,
          mainiacjoe_overflow_alcove_2, amcnicky_mini_pool_medium
D:6:      minmay_skewed_foursquare, layout_loops_cross, cheibriados_altar_1,
          fedhas_altar_1, lemuel_temple_firewalk_b
Temple:   dpeg_chambers_temple

Skill      XL: |  1  2  3  4  5  6  7  8  9 |
---------------+----------------------------+-----
Spellcasting   | 3 4 5 |  5.3
Unarmed Combat | 4 5 6 |  6.9
Fighting       | 2 3 4 |  4.5
Transmutations | 3 4 5 6 |  6.0
Poison Magic   | 1 2 4 |  4.0
Dodging        | |  2.4

Action                   |  1- 3 |  4- 6 |  7- 9 || total
-------------------------+-------+-------+-------++-------
Melee: Unarmed           |    88 |    81 |   204 ||   373
       Constrict         |    24 |    17 |    12 ||    53
       Kick              |    16 |    15 |     9 ||    40
       Tentacles         |    10 |    11 |     8 ||    29
       Punch             |     2 |     2 |     1 ||     5
 Cast: Beastly Appendage |    19 |    24 |    15 ||    58
       Wereblood         |     1 |       |     4 ||     5
       Spider Form       |     1 |     4 |    18 ||    23
  Use: Scroll            |     2 |     4 |     1 ||     7
       Potion            |       |     1 |     5 ||     6
 Stab: Sleeping          |     6 |     4 |     3 ||    13
Armor: Skin              |    10 |    13 |    11 ||    34
Dodge: Dodged            |    58 |    58 |   166 ||   282

Table legend: (Time is in decaauts)
 A = Elapsed time spent in this place.
 B = Non-inter-level travel time spent in this place.
 C = Inter-level travel time spent in this place.
 D = Time resting spent in this place.
 E = Time spent auto-exploring this place.
 F = Levels seen in this place.
 G = Mean time per level.
                   A        B        C        D        E       F      G
               +--------+--------+--------+--------+--------+-----+--------+
         Total |   8176 |   7911 |    265 |    371 |   6285 |   7 | 1168.0 |
       Dungeon |   7928 |   7688 |    240 |    371 |   6077 |   6 | 1321.3 |
        Temple |    247 |    222 |     25 |      0 |    208 |   1 |  247.0 |
               +--------+--------+--------+--------+--------+-----+--------+

Top non-repeatable levels by time:
     D:4: 1722 daAuts
     D:3: 1602 daAuts
     D:5: 1190 daAuts
     D:6: 1161 daAuts
     D:1: 1149 daAuts
     D:2: 1102 daAuts
  Temple: 247 daAuts
